 Dungeon Crawl Stone Soup version 0.31-a0-1111-ga3525b893c (webtiles) character file.

Game seed: 4015434790521743665

4414 Dirtsage the Geomancer (level 10, -1/60 HPs)
             Began as a Gargoyle Earth Elementalist on Dec 3, 2023.
             Was an Elder of Vehumet.
             Slain by a yak (13 damage)
             ... on level 9 of the Dungeon on Dec 4, 2023.
             The game lasted 00:26:34 (9090 turns).

Dirtsage the Geomancer (GrEE)                       Turns: 9090, Time: 00:26:34

Health: -1/60      AC: 12    Str: 12    XL:     10   Next: 36%
Magic:  5/18       EV: 11    Int: 26    God:    Vehumet [****..]
Gold:   527        SH:  0    Dex: 10    Spells: 4/20 levels left

rFire   . . .        C - +4 dagger (venom)
rCold   . . .        (no shield)
rNeg    + . .        x - +1 robe {Will+}
rPois   ∞            B - +0 helmet
rElec   +            (no cloak)
rCorr   .            (no gloves)
SInv    .            c - +0 pair of boots
Will    +....        (no amulet)
Stlth   ++           W - ring of wizardry
HPRegen 0.30/turn    f - +6 ring of intelligence
MPRegen 0.16/turn

%: wizardry (x1)
@: about to teleport, freezing walls
A: sickness immunity, AC +7, negative energy resistance 1, electricity
resistance, torment resistance 1, petrification resistance
a: Renounce Religion


You were on level 9 of the Dungeon.
You worshipped Vehumet.
Vehumet was greatly pleased with you.
You visited 2 branches of the dungeon, and saw 10 of its levels.
You also visited: Bailey.

You collected 527 gold pieces.

Inventory:

Hand Weapons
 d - a +0 short sword
 C - a +4 dagger of venom (weapon)
Missiles
 F - 2 throwing nets
Armour
 c - a +0 pair of boots (worn)
 x - a +1 robe of willpower (worn)
 B - a +0 helmet (worn)
Magical Staves
 p - a staff of fire
Jewellery
 f - a +6 ring of intelligence (right hand)
 W - a ring of wizardry (left hand)
Talismans
 u - a serpent talisman
Wands
 o - a wand of acid (14)
 D - a wand of digging (2)
 G - a wand of mindburst (15)
Scrolls
 a - a scroll of enchant weapon
 g - 2 scrolls of fear
 h - 7 scrolls of immolation
 k - 2 scrolls of poison {unknown}
 r - a scroll of butterflies
 t - 4 scrolls of teleportation
 w - a scroll of noise
 y - 3 scrolls of blinking {unknown}
 z - 2 scrolls of silence {unknown}
 E - 2 scrolls of fog {unknown}
 I - a scroll of enchant armour
Potions
 b - 6 potions of magic
 e - a potion of attraction {unknown}
 i - a potion of ambrosia {unknown}
 j - 2 potions of brilliance
 l - 4 potions of heal wounds
 m - a potion of berserk rage {unknown}
 n - 2 potions of mutation {unknown}
 q - 4 potions of curing
 s - 2 potions of resistance {unknown}
 v - 2 potions of degeneration {unknown}
 A - a potion of lignification {unknown}
 H - a potion of cancellation {unknown}


   Skills:
 + Level 6.1 Fighting
 - Level 1.5 Dodging
 - Level 2.1 Stealth
 + Level 5.6 Spellcasting
 * Level 8.8 Conjurations
 - Level 0.7 Transmutations
 + Level 4.6 Ice Magic
 * Level 10.3 Earth Magic


You had 4 spell levels left.
You knew the following spells:

 Your Spells              Type           Power      Damage    Failure   Level
a - Sandblast             Erth           100%       2d20      1%          1
b - Frozen Ramparts       Ice            62%        1d10      1%          3
c - Iskenderun's Mystic   Conj/Tloc      30%        2d8       1%          4
x - Stone Arrow           Conj/Erth      100%       3d13      1%          3
z - Iskenderun's Battles  Conj           52%        2d10      1%          5

Your spell library contained the following spells:

 Spells                   Type           Power      Damage    Failure   Level
 Fireball                 Conj/Fire      15%        3d8       3%          5
 Foxfire                  Conj/Fire      100%       2x1d9     1%          1
 Passwall                 Tmut/Erth      29%        N/A       1%          2
 Brom's Barrelling Bould  Conj/Erth      54%        2d7       1%          4
 Petrify                  Tmut/Erth      35%        N/A       3%          4
 Bombard                  Conj/Erth      27%        9d5       2%          6
 Starburst                Conj/Fire      15%        6d6       17%         6
 Spellforged Servitor     Conj/Summ      15%        N/A       61%         7
 Plasma Beam              Fire/Air       3%         2x1d13    63%         6


Dungeon Overview and Level Annotations

Branches:
Dungeon (9/15)             Temple (1/1) D:4          Bailey (visited)
   Lair: D:8-11         Orc: D:9-12

Altars:
Ashenzari
Cheibriados
Dithmenos
Elyvilon
Fedhas
Gozag
Hepliaklqana
Makhleb
Okawaru
Qazlal
Ru
Sif Muna
Uskayaw
Vehumet
Xom
Yredelemnul
Zin
The Shining One

Annotations:
D:3 1 runed translucent door, Crazy Yiuf
D:9 Jeremiah
Temple 2 transporters


Innate Abilities, Weirdness & Mutations

You are immune to sickness and miasma.
Your stone body is resilient. (AC +7)
You are immune to poison.
You resist negative energy. (rN+)
You are resistant to electric shocks. (rElec)
You are resistant to unholy torment.
You are immune to petrification.


Message History

Aiming: Stone Arrow (safe; 1% risk of failure)
Press: ? - help, Shift-Dir - straight line, f - yak
Aim: a yak (severely wounded, 87% to hit)
The stone arrow hits the yak!!
You kill the yak!
Vehumet accepts your kill.
The wall freezes the butterfly.
You kill the butterfly!
The butterfly disappears in a burst of colours!
The wall freezes the butterfly.
You kill the butterfly!
The butterfly disappears in a burst of colours!
The wall freezes the butterfly.
You kill the butterfly!
The butterfly disappears in a burst of colours!
The wall freezes the yak.
You now have 2/18 mp.
Casting: Stone Arrow (safe; 1% risk of failure)
Confirm with . or Enter, or press ? or * to list all spells.
You don't have enough magic to cast this spell.
Aiming: Sandblast (safe; 1% risk of failure)
Press: ? - help, Q - select action, (/) - cycle Shift-Dir - straight line, f - yak
Aim: a yak (almost dead, 91% to hit)
The blast of sand hits the yak!
You kill the yak!
Vehumet accepts your kill.
You feel your power returning.
The butterfly disappears in a burst of colours! x2
The wall freezes the butterfly.
You kill the butterfly!
The butterfly disappears in a burst of colours!
The wall freezes the butterfly.
You kill the butterfly!
The butterfly disappears in a burst of colours!
The wall freezes Jeremiah.
Jeremiah shouts, "O dreadful one, destroy my foe!"
Something smites you!
* * * LOW HITPOINT WARNING * * *
The wall freezes the yak!
The yak gores you!
You die...

###.....#
........###.#
#...........##
..........#..#
...###.#.....#
## #.#..##.#
+###+#.....#
.b....b##Y##
....bFb)@.#
......#####
...... ....
... .. .


You could see Jeremiah and a yak.

Vanquished Creatures
  2 wyverns
  4 yaks (D:9)
  A water moccasin (D:6)
  4 orc warriors
  A sky beast (D:6)
  3 ice beasts (D:7)
  An ogre (D:5)
  A centaur (D:6)
  2 phantoms
  Blork the orc (D:4)
  4 bullfrogs
  A gnoll sergeant (D:7)
  2 scorpions (D:6)
  16 wights
  5 howler monkeys
  A jelly (D:8)
  3 hounds
  2 orc priests (D:7)
  A gnoll bouda (D:6)
  A sleepcap (D:6)
  Natasha (thrice) (D:4)
  4 iguanas
  8 orc wizards
  Robin (D:4)
  14 gnolls
  9 adders
  A shadow imp (D:6)
  6 ufetubi
  4 dart slugs
  2 worms
  32 orcs
  14 ball pythons
  4 bats
  4 endoplasms
  3 giant cockroaches
  25 goblins
  13 hobgoblins
  6 jackals (D:2)
  8 quokkas
  A frilled lizard (D:1)
  12 kobolds
  9 rats
239 creatures vanquished.

Notes
Turn   | Place    | Note
-------+----------+-------------------------------------------
     0 | D:1      | Dirtsage the Gargoyle Earth Elementalist began the quest
                  | for the Orb.
     0 | D:1      | Reached XP level 1. HP: 10/10 MP: 3/3
   184 | D:1      | Reached XP level 2. HP: 13/16 MP: 3/5
   187 | D:1      | Reached skill level 1 in Conjurations
   307 | D:1      | Reached skill level 4 in Earth Magic
   454 | D:1      | You fall into a shaft and drop 1 floor!
   454 | D:2      | Found a radiant altar of Vehumet.
   464 | D:2      | Became a worshipper of Vehumet
   489 | D:1      | Reached XP level 3. HP: 20/20 MP: 4/6
   822 | D:1      | Reached skill level 1 in Fighting
  1103 | D:2      | Learned a level 3 spell: Stone Arrow
  1204 | D:2      | Reached XP level 4. HP: 23/25 MP: 2/7
  1558 | D:2      | Reached * piety under Vehumet
  1558 | D:2      | Offered knowledge of Foxfire by Vehumet.
  2214 | D:3      | Found a faded altar of an unknown god.
  2231 | D:3      | Reached XP level 5. HP: 29/29 MP: 8/8
  2449 | D:3      | Reached skill level 5 in Earth Magic
  2601 | D:3      | Offered knowledge of Momentum Strike by Vehumet.
  2915 | D:3      | Found a runed translucent door.
  2916 | D:3      | Noticed Crazy Yiuf
  2963 | D:4      | Reached ** piety under Vehumet
  3191 | D:4      | Noticed Blork the orc
  3194 | D:4      | Killed Blork the orc
  3195 | D:4      | Reached XP level 6. HP: 35/35 MP: 4/10
  3291 | D:4      | Found a broken altar of Ashenzari.
  3443 | D:4      | Noticed Natasha
  3445 | D:4      | Killed Natasha
  3531 | D:4      | Noticed Natasha
  3533 | D:4      | Killed Natasha
  3645 | D:4      | Reached skill level 6 in Earth Magic
  3648 | D:4      | Found a shimmering altar of Xom.
  3650 | D:4      | Found a shimmering blue altar of Sif Muna.
  3652 | D:4      | Reached XP level 7. HP: 40/40 MP: 3/11
  3785 | D:4      | Found a staircase to the Ecumenical Temple.
  3798 | Temple   | Found a transporter.
  3798 | Temple   | Found a transporter.
  3798 | Temple   | Found a transporter.
  3798 | Temple   | Found a transporter.
  3798 | Temple   | Entered the Ecumenical Temple
  3809 | D:4      | Noticed Robin
  3823 | D:4      | Killed Robin
  3823 | D:4      | Offered knowledge of Frozen Ramparts by Vehumet.
  3828 | D:4      | Learned a level 3 spell: Frozen Ramparts
  4315 | D:4      | Noticed Natasha
  4317 | D:4      | Killed Natasha
  4350 | D:5      | Entered Level 5 of the Dungeon
  4430 | D:5      | Reached *** piety under Vehumet
  4455 | D:4      | Reached skill level 1 in Ice Magic
  4603 | D:5      | Reached skill level 5 in Conjurations
  5324 | D:6      | Found a glowing silver altar of Zin.
  5355 | D:6      | Reached skill level 7 in Earth Magic
  5355 | D:6      | Reached XP level 8. HP: 46/46 MP: 5/13
  5859 | D:6      | Offered knowledge of Iskenderun's Mystic Blast by Vehumet.
  5865 | D:6      | Learned a level 4 spell: Iskenderun's Mystic Blast
  5870 | D:6      | Noticed a wyvern
  5877 | D:6      | Killed a wyvern
  6078 | D:6      | Reached skill level 8 in Earth Magic
  6450 | D:7      | Reached XP level 9. HP: 49/52 MP: 12/15
  7196 | D:7      | Reached skill level 5 in Fighting
  7606 | D:7      | Reached skill level 9 in Earth Magic
  7660 | D:8      | Reached **** piety under Vehumet
  7671 | D:8      | Reached skill level 5 in Spellcasting
  7828 | D:8      | Found a flagged portal.
  7842 | D:8      | Learned a level 5 spell: Iskenderun's Battlesphere
  7848 | Bailey   | Entered a bailey
  7854 | Bailey   | Noticed an orc warlord
  7863 | Bailey   | Offered knowledge of Fireball by Vehumet.
  7988 | Bailey   | Found a runed translucent gate.
  7990 | Bailey   | Found a runed translucent gate.
  7991 | Bailey   | Found a runed translucent gate.
  8137 | D:8      | Reached XP level 10. HP: 41/60 MP: 14/17
  8654 | D:8      | Reached skill level 10 in Earth Magic
  8995 | D:8      | Found a blossoming altar of Fedhas.
  9072 | D:9      | Noticed Jeremiah
  9090 | D:9      | Slain by a yak

Illustrated notes

Levels and vault maps discovered:
D:1:      minmay_arrival_stone_box, layout_loops_ring, hex_large
D:2:      layout_basic, basic_altar
D:3:      layout_loops_ring, nicolae_ecumenical_snake_handling,
          uniq_crazy_yiuf_cottage
D:4:      layout_layer_cave, ashenzari_altar_1,
          mainiacjoe_overflow_catwalk_spiral, minmay_temple_entry_mist,
          uniq_blork_the_orc, uniq_natasha, uniq_robin
D:5:      layout_basic
D:6:      layout_cave_pods, mainiacjoe_overflow_paths
D:7:      layout_basic, minmay_misc_feat_doors
D:8:      layout_loops_cross, fedhas_altar_4, enter_bailey_5
D:9:      layout_basic, nicolae_overflow_hidden_temple, minivault_4,
          chequers_serial_rivers_small_3, uniq_jeremiah
Temple:   hellmonk_temple_divided_pantheon

Skill      XL: |  1  2  3  4  5  6  7  8  9 10 |
---------------+-------------------------------+-----
Conjurations   | 1 2 3 4 5 6 8 |  8.8
Earth Magic    | 4 5 6 7 8 9 10 | 10.3
Fighting       | 1 2 3 4 5 6 |  6.1
Spellcasting   | 3 4 5 |  5.6
Ice Magic      | 1 2 4 |  4.6
Dodging        | |  1.5
Stealth        | |  2.1
Transmutations | |  0.7

Action                     |  1- 3 |  4- 6 |  7- 9 | 10-12 || total
---------------------------+-------+-------+-------+-------++-------
  Melee: Short sword       |     8 |    12 |    31 |       ||    51
         Punch             |     1 |       |     1 |       ||     2
         Dagger            |       |       |     4 |     1 ||     5
   Cast: Sandblast         |    47 |    72 |   155 |    34 ||   308
         Stone Arrow       |       |     6 |    32 |     9 ||    47
         Frozen Ramparts   |       |       |     9 |     5 ||    14
         Iskenderun's Batt |       |       |     3 |     1 ||     4
         Iskenderun's Myst |       |       |       |     1 ||     1
    Use: Scroll            |       |       |     3 |     6 ||     9
         Potion            |       |       |     1 |       ||     1
 Armour: Robe              |    16 |     1 |   117 |    15 ||   149
         Ring mail         |     5 |    35 |       |       ||    40
  Dodge: Dodged            |    28 |    24 |    68 |    18 ||   138

Table legend: (Time is in decaauts)
 A = Elapsed time spent in this place.
 B = Non-inter-level travel time spent in this place.
 C = Inter-level travel time spent in this place.
 D = Time resting spent in this place.
 E = Time spent auto-exploring this place.
 F = Levels seen in this place.
 G = Mean time per level.
                   A        B        C        D        E       F      G
               +--------+--------+--------+--------+--------+-----+--------+
         Total |   9255 |   8749 |    506 |    238 |   6909 |  11 |  841.4 |
       Dungeon |   8968 |   8462 |    506 |    182 |   6870 |   9 |  996.4 |
        Temple |      1 |      1 |      0 |      0 |      0 |   1 |    1.0 |
        Bailey |    284 |    284 |      0 |     56 |     39 |   1 |  284.0 |
               +--------+--------+--------+--------+--------+-----+--------+

Top non-repeatable levels by time:
     D:4: 1529 daAuts
     D:7: 1317 daAuts
     D:6: 1158 daAuts
     D:8: 1063 daAuts
     D:2: 1031 daAuts
     D:1: 1025 daAuts
     D:3: 950 daAuts
     D:5: 847 daAuts
  Bailey: 284 daAuts
     D:9: 44 daAuts
  Temple: 1 daAuts
